 Dungeon Crawl Stone Soup version 0.25.0-1-g7eea58d2a3 (webtiles) character file.

Game seed: 9410167847084104507

24 Donthurtboomboom the Cutter (level 3, -3/26 HPs)
             Began as a Halfling Chaos Knight on June 13, 2020.
             Was a Plaything of Xom.
             Slain by a worm (12 damage)
             ... on level 2 of the Dungeon.
             The game lasted 00:05:52 (2101 turns).

Donthurtboomboom the Cutter (Halfling Chaos Knight) Turns: 2101, Time: 00:05:52

Health: -3/26      AC:  5    Str: 14    XL:     3   Next: 15%
Magic:  2/2        EV: 13    Int: 10    God:    Xom [...*..]
Gold:   35         SH:  0    Dex: 13    Spells: 2/2 levels left

rFire    . . .     SeeInvis .   a - +0 short sword (chaos)
rCold    . . .     Gourm    .   (shield restricted)
rNeg     . . .     Faith    .   b - +2 leather armour
rPois    .         Spirit   .   (no helmet)
rElec    .         Reflect  .   (no cloak)
rCorr    .         Harm     .   (no gloves)
MR       .....                  (no boots)
Stlth    +.........             (no amulet)
HPRegen  0.08/turn              (no ring)
MPRegen  0.08/turn              (no ring)

@: no status effects
A: small, low mp 1, mutation resistance 1, wild magic 1
a: Renounce Religion


You were on level 2 of the Dungeon.
You worshipped Xom.
You were a favourite toy of Xom.
You were not hungry.

You visited 1 branch of the dungeon, and saw 2 of its levels.

You collected 35 gold pieces.

Inventory:

Hand Weapons
 a - a +0 short sword of chaos (weapon)
Armour
 b - a +2 leather armour (worn)
Scrolls
 d - a scroll of identify {unknown}
 e - a scroll of fog {unknown}
 f - 3 scrolls of noise {unknown}
Potions
 g - a potion of curing {unknown}
Comestibles
 c - a ration


   Skills:
 + Level 3.1 Fighting
 + Level 4.0 Short Blades
 + Level 2.7 Armour
 + Level 1.1 Dodging
 + Level 0.2 Stealth


You had 2 spell levels left.
You didn't know any spells.
Your spell library was empty.

Dungeon Overview and Level Annotations

Branches:
Dungeon (2/15)

Altars:


Innate Abilities, Weirdness & Mutations

You are small and have problems with some larger weapons.
You are somewhat resistant to further mutation.
Your magical capacity is low. (-10% MP)
Your spells are a little harder to cast, but a little more powerful.


Message History

You hit the worm but do no damage.
The worm is moderately wounded.
You hit the worm. You freeze the worm.
The worm is heavily wounded.
The worm misses you.
You hit the worm.
The worm is heavily wounded.
The worm completely misses you.
You hit the worm but do no damage.
The worm is heavily wounded.
The worm bites you but does no damage.
You barely miss the worm.
The worm is heavily wounded.
The worm bites you!
You hit the worm. You burn the worm.
The worm is severely wounded.
You hit the worm. You freeze the worm.
The worm is almost dead.
The worm bites you!
You die...

###.#.# #.# #.......# ...#.#
#.# #.##.#.## ###.#.#
#.#####.##.#.#
......########.....#....#.##.#.
###.#>..............<..........
....#.###########.#####.#.##.#.
#.#......... .........#
).....###########.......###
#.#.............@w.......
#.####################... #.#
#.### #.# #. #.# ... ...


You could see a worm (berserk).

Vanquished Creatures
  A dart slug (D:1)
  A giant cockroach (D:1)
  3 goblins
  3 hobgoblins
  4 kobolds (D:1)
  A ball python (D:1)
  A bat (D:1)
  A frilled lizard (D:1)
  8 rats (D:1)
23 creatures vanquished.

Notes
Turn   | Place    | Note
-------+----------+-------------------------------------------
     0 | D:1      | Donthurtboomboom the Halfling Chaos Knight began the quest
                  | for the Orb.
     0 | D:1      | Reached XP level 1. HP: 15/15 MP: 1/1
    88 | D:1      | XOM: silly message
   363 | D:1      | XOM: divination: detect items
   393 | D:1      | Reached XP level 2. HP: 20/20 MP: 2/2
   719 | D:1      | XOM: divination: detect creatures
  1077 | D:1      | XOM: silly message
  1451 | D:1      | Reached XP level 3. HP: 25/26 MP: 3/3
  1637 | D:1      | Reached skill level 4 in Short Blades
  1853 | D:2      | XOM: stealth player
  1855 | D:2      | XOM: give mutations
  1855 | D:2      | Gained mutation: Your magical capacity is low. (-10% MP)
                  | [Xom's mischief]
  1855 | D:2      | Gained mutation: Your spells are a little harder to cast,
                  | but a little more powerful. [Xom's mischief]
  2101 | D:2      | Slain by a worm

Illustrated notes

Levels and vault maps discovered:
D:1:      denvon_arrival_waterhouse, layout_loops_ring, minmay_close_crescents
D:2:      layout_basic, lemuel_crystal_altar, marbit_many_paths,
          chequers_temple_overflow_minitemple,
          chequers_temple_overflow_statue_of_worship,
          chequers_ecumenical_altar_island

Skill      XL: |  1  2  3 |
---------------+----------+-----
Fighting       | 3 |  3.1
Short Blades   | 4 |  4.0
Armour         | |  2.7
Dodging        | |  1.1
Stealth        | |  0.2

Action                   || total
-------------------------++-------
Melee: Short sword       ||    76
 Stab: Paralysed         ||     1
  Eat: Ration            ||     1
       Chunk             ||     1
Armor: Leather armour    ||    19
Dodge: Dodged            ||    66
